[Event "Titled Tuesday Blitz January 31 Late 2023"]
[White "Ronka, Erik"]
[Black "Szente Varga, Fruzsina"]
[WhiteFideId "505080"]
[BlackFideId "712264"]
[WhiteElo "2276"]
[BlackElo "2075"]
[Result "1-0"]
[Round "07"]
[TimeControl "180+2"]
[Date "2023.01.31"]
[WhiteClock "0:00:16"]
[BlackClock "0:00:12"]

1. e4 Nf6 2. Nc3 d5 3. d4 Nxe4 4. Nxe4 dxe4 5. Bf4 Nc6 6. Bb5 e6 7. Qd2 Bd6 8. O-O-O O-O 9. Kb1 a6 10. Bxc6 bxc6 11. Ne2 Rb8 12. Qe3 f5 13. f3 exf3 14. gxf3 Bxf4 15. Nxf4 Qd6 16. Ka1 Bd7 17. Nd3 Rb5 18. Nc5 Rfb8 19. b3 a5 20. a4 Rb4 21. Rhe1 Re8 22. Ka2 Qd5 23. Qe5 Qxe5 24. dxe5 Bc8 25. c4 Kf7 26. f4 Ke7 27. Rg1 g6 28. h4 Rb8 29. Kb2 Kf7 30. Kc3 Ke7 31. Rd2 Kf7 32. Rh2 h5 33. Rhg2 Rg8 34. Rg3 Rg7 35. Rd3 Ke7 36. Rgd1 Rg8 37. Rd4 Rf8 38. Rg1 Rg8 39. Nd3 Bd7 40. c5 Be8 41. Nb2 Bf7 42. Nc4 Ra8 43. Rgd1 Rgb8 44. Rd7+ Ke8 45. Rxc7 Rd8 46. Nd6+ 1-0


[Site "https://www.chess.com"]

[Event "Titled Tuesday Blitz January 31 Late 2023"]
[White "Bulgurlu, Okan"]
[Black "Gurevich, Dmitry"]
[WhiteFideId "6352316"]
[BlackFideId "2000407"]
[WhiteElo "1908"]
[BlackElo "2393"]
[Result "0-1"]
[Round "07"]
[TimeControl "180+2"]
[Date "2023.01.31"]
[WhiteClock "0:00:04"]
[BlackClock "0:00:12"]

1. Nf3 Nf6 2. g3 g6 3. Bg2 Bg7 4. a3 O-O 5. O-O d5 6. d4 a5 7. Nbd2 b6 8. c4 Bb7 9. Ne5 Nbd7 10. Ndf3 e6 11. Qc2 c5 12. Be3 cxd4 13. Bxd4 dxc4 14. Nxc4 Rc8 15. Qb3 Bd5 16. Nfd2 Nc5 17. Bxc5 Rxc5 18. e4 Bxc4 19. Nxc4 b5 20. Ne3 Qb6 21. Rac1 Rfc8 22. Rxc5 Qxc5 23. Rd1 h5 24. h4 a4 25. Qd3 Ng4 26. Nxg4 hxg4 27. Bf1 b4 28. axb4 Qxb4 29. Qa3 Rb8 30. Qxb4 Rxb4 31. Rd8+ Kh7 32. Rd7 f5 33. exf5 exf5 34. Ra7 Kh6 35. Bd3 Bxb2 36. h5 Bd4 37. hxg6 Bxa7 38. Bxf5 Kg7 0-1


[Site "https://www.chess.com"]

[Event "Titled Tuesday Blitz January 31 Late 2023"]
[White "Slater-Jones, Henry"]
[Black "Lucassen, Mickey"]
[WhiteFideId "3222101"]
[BlackFideId "12919110"]
[WhiteElo "1826"]
[BlackElo "2023"]
[Result "0-1"]
[Round "07"]
[TimeControl "180+2"]
[Date "2023.01.31"]
[WhiteClock "0:01:29"]
[BlackClock "0:02:16"]

1. d4 Nf6 2. c4 g6 3. Nc3 d5 4. cxd5 Nxd5 5. e4 Nxc3 6. bxc3 Bg7 7. Bc4 c5 8. Ne2 Nc6 9. Be3 O-O 10. O-O b6 11. dxc5 Qc7 12. cxb6 axb6 13. Rb1 Na5 14. Bd5 Rb8 15. Qb3 Ba6 16. Qd1 e6 17. Bb3 Rfd8 18. Qe1 Bd3 19. Rc1 Bxe4 20. Bd4 Bh6 21. Rd1 Nxb3 22. axb3 Bc2 23. b4 Bxd1 24. Qxd1 e5 0-1


[Site "https://www.chess.com"]

[Event "Titled Tuesday Blitz January 31 Late 2023"]
[White "Antonio, Jorge Carlos"]
[Black "Omelja, Artem"]
[WhiteFideId "113190"]
[BlackFideId "14119846"]
[WhiteElo "2277"]
[BlackElo "2446"]
[Result "0-1"]
[Round "07"]
[TimeControl "180+2"]
[Date "2023.01.31"]
[WhiteClock "0:00:02"]
[BlackClock "0:00:05"]

1. d4 Nf6 2. Nf3 d5 3. Bf4 e6 4. e3 Bd6 5. Bxd6 Qxd6 6. c4 c6 7. Nc3 Nbd7 8. cxd5 exd5 9. Bd3 O-O 10. O-O Re8 11. a3 Ne4 12. Nd2 f5 13. Qc2 Ndf6 14. Rae1 Ng4 15. f4 Nxd2 16. Qxd2 Nf6 17. Qf2 Bd7 18. b4 a5 19. Rb1 axb4 20. axb4 Ra3 21. Qd2 Rea8 22. Rfe1 Be6 23. Rec1 Ne4 24. Bxe4 dxe4 25. b5 c5 26. d5 Bf7 27. b6 Qf6 28. Nb5 Rd3 29. Qf2 Bxd5 30. Rxc5 Bc6 31. Nd4 Rd8 32. Rxf5 R3xd4 33. Rxf6 Rd1+ 34. Qf1 Rxf1+ 35. Kxf1 gxf6 36. Ke2 Kf7 37. g4 Rd5 38. h4 Rb5 39. Rd1 Rb2+ 40. Kf1 Rxb6 41. Rd4 Rb2 42. g5 fxg5 43. hxg5 Kg6 44. Rd6+ Kh5 45. Rh6+ Kg4 46. Rxh7 Bb5+ 47. Ke1 Re2+ 48. Kd1 Rxe3 49. Rf7 Rg3 50. g6 Kf3 51. g7 e3 52. f5 Rg1+ 53. Kc2 e2 54. Re7 Rxg7 55. f6 Rxe7 56. fxe7 e1=Q 0-1


[Site "https://www.chess.com"]

[Event "Titled Tuesday Blitz January 31 Late 2023"]
[White "Bon, Michael"]
[Black "Kavutskiy, Konstantin"]
[WhiteFideId "620696"]
[BlackFideId "2026384"]
[WhiteElo "2394"]
[BlackElo "2414"]
[Result "1/2-1/2"]
[Round "07"]
[TimeControl "180+2"]
[Date "2023.01.31"]
[WhiteClock "0:00:11"]
[BlackClock "0:00:05"]

1. e4 Nc6 2. d4 d6 3. d5 Nb8 4. f4 c6 5. c4 Nf6 6. Bd3 g6 7. Nf3 cxd5 8. exd5 Bg7 9. O-O O-O 10. Nc3 Nbd7 11. Qe2 Nc5 12. Bc2 e6 13. dxe6 Bxe6 14. Be3 Re8 15. Rad1 Bxc4 16. Qxc4 Rxe3 17. Nb5 Nfe4 18. Nxd6 Qe7 19. Ne5 Nxd6 20. Qxc5 Nf5 21. Qxe7 Nxe7 22. Rd7 Bxe5 23. fxe5 Rxe5 24. Bb3 Rf8 25. Rxb7 a5 26. h3 Nf5 27. Rd1 h5 28. Rdd7 Nh6 29. a4 Rf5 30. Rd5 Rf6 31. Rxa5 Re8 32. Raa7 Re1+ 33. Kh2 Re2 34. Bd5 Rd2 35. Be4 g5 36. a5 g4 37. hxg4 Nxg4+ 38. Kg3 Re2 39. Bf3 Re3 40. Rb6 Rf5 41. a6 Ne5 42. Rh6 Kg7 43. Rd6 Nxf3 44. gxf3 Rexf3+ 45. Kg2 h4 46. Rd2 h3+ 47. Kh2 Ra5 48. Ra8 Rf6 49. a7 Rfa6 50. Rd7 Kg6 51. Kxh3 Kg5 52. Rg8+ Kf6 53. a8=Q Rxa8 54. Rxa8 Rxa8 55. Rd2 Kg5 56. Kg3 Rb8 57. Rd5+ f5 58. Rd2 Rb3+ 59. Kf2 Kf4 60. Rc2 Ke4 61. Rc4+ Kd3 62. Rc3+ Rxc3 63. bxc3 Kxc3 64. Kf3 Kd4 65. Kf4 Kd5 66. Kxf5 1/2-1/2


[Site "https://www.chess.com"]

[Event "Titled Tuesday Blitz January 31 Late 2023"]
[White "Machidon, Cristi"]
[Black "Villarreal, Agustin"]
[WhiteFideId "13904590"]
[BlackFideId "125687"]
[WhiteElo "2301"]
[BlackElo "2299"]
[Result "0-1"]
[Round "07"]
[TimeControl "180+2"]
[Date "2023.01.31"]
[WhiteClock "0:00:15"]
[BlackClock "0:00:08"]

1. b3 Nf6 2. Bb2 g6 3. e3 Bg7 4. Nf3 O-O 5. c4 c6 6. Be2 d5 7. O-O Nbd7 8. d4 Ne4 9. Ne1 f5 10. Nd3 e6 11. Qc2 g5 12. a4 g4 13. a5 a6 14. f3 gxf3 15. gxf3 Qg5+ 16. Kh1 Nef6 17. f4 Qh4 18. Nd2 Ne4 19. Nxe4 fxe4 20. Nf2 Nf6 21. Ba3 Rf7 22. Qd2 Bd7 23. Qe1 Kh8 24. Ng4 Qxe1 25. Raxe1 Nxg4 26. Bxg4 Bf6 27. Bd6 Rg8 28. Bh3 Bg7 29. Ra1 h6 30. Ra4 Kh7 31. Rb4 Bc8 32. Rg1 Bf6 33. cxd5 cxd5 34. Rc1 Bh4 35. Be5 Bf2 36. Rxc8 Rg1# 0-1


[Site "https://www.chess.com"]

[Event "Titled Tuesday Blitz January 31 Late 2023"]
[White "Womacka, Mathias"]
[Black "Fernandez, Maria Florencia"]
[WhiteFideId "4611390"]
[BlackFideId "116459"]
[WhiteElo "2396"]
[BlackElo "2129"]
[Result "1/2-1/2"]
[Round "07"]
[TimeControl "180+2"]
[Date "2023.01.31"]
[WhiteClock "0:00:14"]
[BlackClock "0:00:05"]

1. e4 c5 2. Nf3 d6 3. d4 cxd4 4. Nxd4 Nf6 5. Nc3 g6 6. Be3 Bg7 7. f3 O-O 8. Qd2 Nc6 9. O-O-O d5 10. exd5 Nxd5 11. Nxc6 bxc6 12. Bd4 e5 13. Bc5 Be6 14. Ne4 Re8 15. h4 h6 16. g4 Qc7 17. g5 h5 18. Bc4 Rad8 19. Qe1 Nf4 20. Bxe6 Rxd1+ 21. Qxd1 Nxe6 22. Qd6 Qxd6 23. Bxd6 Nd4 24. Rf1 Rd8 25. c3 Nf5 26. Bc5 Nxh4 27. Bxa7 Ra8 28. Bc5 Rxa2 29. Kc2 Ng2 30. Rd1 Ra8 31. b4 Bf8 32. Nf6+ Kg7 33. Bxf8+ Rxf8 34. Kb3 h4 35. Rh1 Rh8 36. Ng4 Re8 37. Rh2 Ne1 38. Rf2 h3 39. c4 Nd3 40. Rh2 Nf4 41. b5 cxb5 42. cxb5 Rd8 43. Nxe5 Rd5 44. Ng4 Rxb5+ 45. Kc4 Rxg5 46. Kd4 Rh5 47. Ke4 Ne6 48. Nf2 f5+ 49. Ke3 Ng5 50. f4 Ne6 51. Rxh3 Rxh3+ 52. Nxh3 Kf6 53. Kf3 Nd4+ 54. Ke3 Ne6 55. Kf3 Nc5 56. Ke3 Ne4 57. Ng1 g5 58. fxg5+ Kxg5 59. Nf3+ Kg4 60. Nd4 f4+ 61. Kxe4 f3 62. Nxf3 1/2-1/2


[Site "https://www.chess.com"]

[Event "Titled Tuesday Blitz January 31 Late 2023"]
[White "Hernandez Sanchez, Elvis De La Caridad"]
[Black "Ansh M Shah"]
[WhiteFideId "6400353"]
[BlackFideId "25033379"]
[WhiteElo "2243"]
[BlackElo "2171"]
[Result "1-0"]
[Round "07"]
[TimeControl "180+2"]
[Date "2023.01.31"]
[WhiteClock "0:01:05"]
[BlackClock "0:00:05"]

1. e4 c6 2. d4 d5 3. e5 Bf5 4. Bd3 Bxd3 5. Qxd3 e6 6. c3 c5 7. Ne2 Ne7 8. Nd2 Nec6 9. a3 Nd7 10. O-O a6 11. f4 Be7 12. f5 cxd4 13. fxe6 fxe6 14. cxd4 Qb6 15. Nf3 O-O-O 16. Be3 h6 17. b4 Qb5 18. Qxb5 axb5 19. Nc3 Na7 20. Ne1 Rhf8 21. Nd3 Nb6 22. Nf4 Kd7 23. Ng6 Rxf1+ 24. Rxf1 Nc4 25. Bc1 Ke8 26. Ne2 Nc6 27. Ngf4 Kd7 28. Nh5 g5 29. Rf7 Rf8 30. Rh7 Nd8 31. Nf6+ Kc6 32. Rxe7 Nf7 33. Nh7 Nfxe5 34. Nxf8 1-0


[Site "https://www.chess.com"]

[Event "Titled Tuesday Blitz January 31 Late 2023"]
[White "Melikhov, Evgeny V."]
[Black "Ekdyshman, Mikhail"]
[WhiteFideId "4122046"]
[BlackFideId "4149416"]
[WhiteElo "2269"]
[BlackElo "2264"]
[Result "1-0"]
[Round "07"]
[TimeControl "180+2"]
[Date "2023.01.31"]
[WhiteClock "0:01:26"]
[BlackClock "0:00:06"]

1. d4 c5 2. d5 Nf6 3. c4 b5 4. cxb5 a6 5. b6 a5 6. Nc3 Ba6 7. e4 Bxf1 8. Kxf1 d6 9. Nf3 Nbd7 10. g3 g6 11. Kg2 Bg7 12. Re1 O-O 13. a4 Nxb6 14. Nb5 Qd7 15. Ra2 Rab8 16. b3 Rfe8 17. Bd2 Ra8 18. Bc3 h6 19. Nd2 e6 20. Nc4 Nxc4 21. bxc4 exd5 22. exd5 Rxe1 23. Qxe1 Re8 24. Re2 Rxe2 25. Qxe2 h5 26. h3 Qd8 27. Qe1 h4 28. g4 Nh7 29. Bxa5 Qg5 30. Qe3 Qf6 31. Bc3 Qd8 32. a5 1-0


[Site "https://www.chess.com"]

[Event "Titled Tuesday Blitz January 31 Late 2023"]
[White "Senthilkumar, Pranav"]
[Black "OKEKE, Isaac Chukwudalu"]
[WhiteFideId "2083477"]
[BlackFideId "8508526"]
[WhiteElo "1854"]
[BlackElo "2155"]
[Result "1/2-1/2"]
[Round "07"]
[TimeControl "180+2"]
[Date "2023.01.31"]
[WhiteClock "0:01:03"]
[BlackClock "0:01:00"]

1. d4 d5 2. Nf3 Nf6 3. c4 e6 4. Nc3 Bb4 5. Bg5 c5 6. cxd5 Qxd5 7. Bxf6 gxf6 8. dxc5 Qxd1+ 9. Rxd1 Bxc3+ 10. bxc3 Na6 11. c6 bxc6 12. Nd4 c5 13. Nb5 Ke7 14. e4 Rd8 15. Rxd8 Kxd8 16. Be2 Ke7 17. O-O Bd7 18. a4 Bc6 19. f3 Bxb5 20. axb5 Nb8 21. Ra1 Nd7 22. c4 Nb6 23. Kf2 Kd6 24. Ke3 Kc7 25. Kd3 Kb7 26. Kc3 Rd8 27. Rd1 Rxd1 28. Bxd1 Kc7 29. f4 Kd6 30. Bc2 h6 31. g3 Nd7 32. Kb3 Nb6 33. Kc3 e5 34. Kb3 Kc7 35. Bd3 Nc8 36. Kc3 Kb6 37. Bc2 Nd6 38. Kb3 Ka5 39. Bd3 Ne8 40. Be2 Nc7 41. f5 Ne8 42. Bh5 Nd6 43. Bf3 a6 44. bxa6 Kxa6 45. Kc3 Ka5 46. Kb3 Kb6 47. Bg2 Ne8 48. Bf3 Nd6 49. Bg2 Nc8 50. Bf3 Ka5 51. Bh5 Nd6 52. Bf3 Kb6 1/2-1/2


[Site "https://www.chess.com"]

[Event "Titled Tuesday Blitz January 31 Late 2023"]
[White "Pein, Jonathan"]
[Black "Gonzalez, Francisco Silva"]
[WhiteFideId "417092"]
[BlackFideId "1512285"]
[WhiteElo "2265"]
[BlackElo "2021"]
[Result "1-0"]
[Round "07"]
[TimeControl "180+2"]
[Date "2023.01.31"]
[WhiteClock "0:00:54"]
[BlackClock "0:00:54"]

1. g3 d5 2. Bg2 b5 3. a4 b4 4. Nf3 Bb7 5. O-O e6 6. c3 a5 7. d3 Nf6 8. Re1 Be7 9. Nbd2 Nbd7 10. e4 dxe4 11. dxe4 c5 12. e5 Nd5 13. c4 N5b6 14. b3 Qc7 15. Ne4 Nxe5 16. Nxe5 Qxe5 17. Bf4 Qf5 18. Nd6+ Bxd6 19. Qxd6 Bxg2 20. Kxg2 Nd7 21. Rad1 Rd8 22. Re5 Qf6 23. Bg5 Qf3+ 24. Kxf3 Nxe5+ 25. Qxe5 Rxd1 26. Qb8+ Kd7 27. Qxh8 Rd3+ 28. Be3 Rxb3 29. Qxg7 Ke7 30. Qg5+ Ke8 31. Qxc5 Ra3 32. Qxa5 b3 33. Qb5+ Kd8 34. a5 Kc8 35. a6 b2 36. a7 Ra2 37. Qc6+ Kd8 38. Bg5+ f6 39. Bxf6# 1-0


[Site "https://www.chess.com"]

[Event "Titled Tuesday Blitz January 31 Late 2023"]
[White "Haszon, David"]
[Black "Mazurkiewicz, Michal"]
[WhiteFideId "733610"]
[BlackFideId "1124943"]
[WhiteElo "2264"]
[BlackElo "2145"]
[Result "1-0"]
[Round "07"]
[TimeControl "180+2"]
[Date "2023.01.31"]
[WhiteClock "0:00:04"]
[BlackClock "0:00:05"]

1. d4 Nf6 2. Bg5 e6 3. Nc3 h6 4. Bxf6 Qxf6 5. e4 Bb4 6. a3 Bxc3+ 7. bxc3 d6 8. g3 e5 9. Bg2 O-O 10. Ne2 c5 11. O-O Nc6 12. d5 Na5 13. f4 Qe7 14. f5 Qg5 15. Qd3 c4 16. Qf3 b6 17. h4 Qf6 18. Qf2 h5 19. Kh2 Nb7 20. Ng1 Nc5 21. Qe2 Qh6 22. Nh3 f6 23. Bf3 Bd7 24. Rae1 b5 25. Qd1 Be8 26. Rg1 Na4 27. Qa1 Qd2+ 28. Rg2 Qxc3 29. Qd1 Qd4 30. Bxh5 Qxd1 31. Bxd1 a5 32. g4 b4 33. axb4 axb4 34. g5 Nc3 35. Bf3 Bb5 36. gxf6 Rxf6 37. Ng5 Bd7 38. Reg1 Ra7 39. h5 Bc8 40. Nh3 Rb7 41. Ra1 b3 42. cxb3 cxb3 43. Rb2 Nb5 44. Rxb3 Nd4 45. Rxb7 Bxb7 46. Kg3 Rf7 47. Rc1 Re7 48. Bd1 Ba6 49. Kh4 Rb7 50. Rc8+ Kf7 51. Ng5+ Ke7 52. Rg8 Rb1 53. Rxg7+ Kf8 54. Rf7+ Ke8 55. Ba4+ Kd8 56. Ne6+ Kc8 57. Rf8+ Kb7 58. Kg5 Kb6 59. h6 Ka5 60. h7 Rg1+ 61. Kf6 Rh1 62. Be8 Nf3 63. Bg6 Nd2 64. h8=Q Nxe4+ 65. Ke7 Rxh8 66. Rxh8 Bc4 67. f6 Bxd5 68. f7 Ng5 69. Nxg5 Bxf7 70. Bxf7 d5 71. Bxd5 e4 72. Bxe4 Kb4 73. Ke6 Kc3 74. Ke5 Kd2 75. Kd4 Ke2 76. Nh3 Kf1 77. Ke3 Ke1 78. Bc2 Kf1 79. Nf2 Kg1 80. Kf3 Kf1 81. Re8 Kg1 82. Ng4 Kf1 83. Bd3+ Kg1 84. Re1# 1-0


[Site "https://www.chess.com"]

[Event "Titled Tuesday Blitz January 31 Late 2023"]
[White "Kaganskiy, Gleb"]
[Black "Kaplan, Avi Harrison"]
[WhiteFideId "4132025"]
[BlackFideId "30934559"]
[WhiteElo "2205"]
[BlackElo "2146"]
[Result "1-0"]
[Round "07"]
[TimeControl "180+2"]
[Date "2023.01.31"]
[WhiteClock "0:00:28"]
[BlackClock "0:00:02"]

1. e4 c5 2. Nf3 a6 3. c3 b5 4. d4 cxd4 5. cxd4 Bb7 6. Bd3 g6 7. O-O Bg7 8. a4 b4 9. Nbd2 Nf6 10. Re1 O-O 11. Nb3 d6 12. h3 Nbd7 13. a5 Rc8 14. Bd2 Rb8 15. Ra4 Bc6 16. Rxb4 Rxb4 17. Bxb4 Qb8 18. Qd2 Qb7 19. d5 Bb5 20. Bxb5 Qxb5 21. Nfd4 Qb7 22. Nc6 Ne5 23. Nxe5 dxe5 24. Nc5 Qb5 25. Rc1 Rb8 26. Ba3 h5 27. f3 Kh7 28. Qd3 Qxa5 29. Qxa6 Qd2 30. Qc4 Bh6 31. Rf1 Be3+ 32. Kh1 Rc8 33. b4 Nd7 34. Qd3 Nxc5 35. Qxd2 Bxd2 36. bxc5 Be3 37. c6 e6 38. d6 Bb6 39. c7 Bxc7 40. dxc7 Rxc7 41. Kh2 Ra7 42. Bb2 Ra2 43. Bxe5 Kh6 44. Bf4+ Kh7 45. h4 Rc2 46. Kg3 Ra2 47. Rd1 Ra5 48. Rd7 Kg8 49. Bg5 Kg7 50. f4 Ra3+ 51. Kh2 Ra5 52. e5 Ra3 53. Bf6+ Kh6 54. Rd8 g5 55. Rh8+ Kg6 56. hxg5 Kf5 57. Rxh5 Kg4 58. Rh7 Kf5 59. Rxf7 Kg6 60. Re7 Kh5 61. Rh7+ Kg4 62. g6 Kf5 63. g7 Ra8 64. Rh8 Ra2 65. g8=Q Rxg2+ 66. Kxg2 Ke4 67. Rh3 Kf5 68. Qg5+ Ke4 69. Re3+ Kxe3 70. f5+ Ke4 71. fxe6 Kd5 72. e7 Kd4 73. e6+ Ke4 74. Qe5+ Kd3 75. Qd4+ Kc2 76. Qc3+ Kd1 77. e8=Q Ke2 78. Qh5# 1-0


[Site "https://www.chess.com"]

[Event "Titled Tuesday Blitz January 31 Late 2023"]
[White "Baches Garcia, Guillermo"]
[Black "Smith, Garrett L"]
[WhiteFideId "2209764"]
[BlackFideId "2024829"]
[WhiteElo "2327"]
[BlackElo "2047"]
[Result "1-0"]
[Round "07"]
[TimeControl "180+2"]
[Date "2023.01.31"]
[WhiteClock "0:00:12"]
[BlackClock "0:00:05"]

1. e4 c5 2. Nf3 Nc6 3. d4 cxd4 4. Nxd4 e5 5. Nb5 d6 6. N1c3 a6 7. Na3 Be7 8. Be3 Nf6 9. Nc4 b5 10. Nb6 Rb8 11. Nxc8 Qxc8 12. a4 b4 13. Nd5 Nxd5 14. Qxd5 O-O 15. Bc4 Nd4 16. Bxd4 exd4 17. a5 Kh8 18. O-O Qc7 19. Rfd1 Bf6 20. Rd3 h6 21. g3 Qa7 22. Rf3 Rbd8 23. Rd1 Qc5 24. Bxa6 Ra8 25. Bc4 Rxa5 26. Qxc5 dxc5 27. b3 Kg8 28. Rf5 Re8 29. Bd3 Re5 30. Rxe5 Bxe5 31. f4 Bf6 32. e5 Be7 33. Kg2 g6 34. Kf3 Kg7 35. Ke4 Ra8 36. g4 Rd8 37. f5 Bg5 38. Ra1 Be3 39. Ra7 gxf5+ 40. gxf5 Kf8 41. Bc4 f6 42. Rf7+ Ke8 43. Rxf6 Ra8 44. Rc6 Ra1 45. f6 Rg1 46. f7+ Ke7 47. Rc7+ Kd8 48. Ra7 1-0


[Site "https://www.chess.com"]

[Event "Titled Tuesday Blitz January 31 Late 2023"]
[White "Urbina Quiroz, Edwin"]
[Black "Sanchez, Robert"]
[WhiteFideId "6500650"]
[BlackFideId "2034360"]
[WhiteElo "2129"]
[BlackElo "1966"]
[Result "0-1"]
[Round "07"]
[TimeControl "180+2"]
[Date "2023.01.31"]
[WhiteClock "0:00:01"]
[BlackClock "0:00:09"]

1. e4 d5 2. exd5 Qxd5 3. Nc3 Qe6+ 4. Qe2 Qg6 5. Nf3 Nc6 6. d3 Bg4 7. Be3 O-O-O 8. O-O-O e5 9. h3 Bxf3 10. Qxf3 f5 11. g3 Nf6 12. h4 e4 13. dxe4 Rxd1+ 14. Qxd1 fxe4 15. Bxa7 Bb4 16. Be3 Bxc3 17. bxc3 Rd8 18. Qe1 Kb8 19. Bc4 Qf5 20. Bb3 Nd5 21. Bd2 Ne5 22. Qe2 Nb6 23. Be3 Qf6 24. Rd1 Re8 25. Bd4 Qd6 26. Qb5 Nc6 27. Bc5 Qe5 28. a4 Qxc3 29. Kb1 Re5 30. Bd4 Qxd4 31. Rxd4 Rxb5 32. Rxe4 Re5 33. Rf4 Na5 34. Rf8+ Ka7 35. Rf7 Re2 36. Rxg7 Rxf2 37. Rxh7 Rg2 38. Rxc7 Rxg3 39. Be6 Rg1+ 40. Kb2 Rh1 0-1


[Site "https://www.chess.com"]

[Event "Titled Tuesday Blitz January 31 Late 2023"]
[White "Sohier, Julien"]
[Black "CheckBits"]
[WhiteFideId "645346"]
[WhiteElo "2214"]
[BlackElo "2478"]
[Result "1/2-1/2"]
[Round "07"]
[TimeControl "180+2"]
[Date "2023.01.31"]
[WhiteClock "0:00:12"]
[BlackClock "0:00:05"]

1. e4 e5 2. Nf3 Nc6 3. Bc4 Bc5 4. b4 Bxb4 5. c3 Ba5 6. d4 d6 7. Qb3 Qd7 8. O-O Bb6 9. Nbd2 Na5 10. Qc2 Nxc4 11. Nxc4 exd4 12. cxd4 Ne7 13. a4 c6 14. Ba3 Bc7 15. e5 dxe5 16. dxe5 Qf5 17. Qb2 Nd5 18. Bd6 Qg6 19. Bxc7 Nxc7 20. Nd6+ Ke7 21. Nxb7 Bxb7 22. Qxb7 Rhc8 23. Rac1 Rab8 24. Qxa7 Kf8 25. Qc5+ Ke8 26. Qxc6+ Qxc6 27. Rxc6 Ne6 28. Rxc8+ Rxc8 29. Ra1 Ra8 30. a5 Nc5 31. Ra3 Ra6 32. g3 Nb7 33. Nd4 Rxa5 34. Rxa5 Nxa5 35. f4 Ke7 36. Kf2 f6 37. exf6+ Kxf6 38. Kf3 Nc4 39. g4 g6 40. h4 h5 41. g5+ Kf7 42. f5 gxf5 43. Nxf5 Ne5+ 44. Kg3 Kg6 45. Nd4 Kg7 46. Ne2 Kg6 47. Nf4+ Kg7 48. Nxh5+ Kg6 49. Nf4+ Kf5 50. Ne2 Nf7 51. Nd4+ Ke4 52. Nc6 Kf5 53. Ne7+ Ke6 54. Ng6 Kf5 55. Nf8 Nxg5 56. hxg5 Kxg5 1/2-1/2


[Site "https://www.chess.com"]

[Event "Titled Tuesday Blitz January 31 Late 2023"]
[White "Richterova, Natasa"]
[Black "Tanenbaum, Zachary"]
[WhiteFideId "350591"]
[BlackFideId "2060850"]
[WhiteElo "2191"]
[BlackElo "2261"]
[Result "0-1"]
[Round "07"]
[TimeControl "180+2"]
[Date "2023.01.31"]
[WhiteClock "0:00:07"]
[BlackClock "0:00:12"]

1. e4 e5 2. Nf3 Nc6 3. Bc4 Nf6 4. d3 Be7 5. O-O O-O 6. Re1 d6 7. c3 Be6 8. Bxe6 fxe6 9. Qb3 Qd7 10. Qxb7 Nh5 11. Qb3 Rxf3 12. gxf3 Rf8 13. Qd1 Bh4 14. Be3 d5 15. d4 Qf7 16. exd5 exd5 17. Nd2 Nf4 18. Bxf4 Qxf4 19. Qe2 e4 20. Nf1 Qg5+ 21. Ng3 Rxf3 22. Qb5 e3 23. Rxe3 Rxe3 24. fxe3 Bxg3 25. hxg3 Qxg3+ 26. Kf1 Qf3+ 27. Ke1 Qxe3+ 28. Qe2 Qg1+ 29. Kd2 Qg5+ 30. Kc2 Qg6+ 31. Kc1 Nd8 32. b3 Ne6 33. Kb2 Nf4 34. Qe3 Nd3+ 35. Kc2 Nb4+ 36. Kd1 Nc2 37. Qc1 Qd3+ 38. Qd2 Qxd2+ 39. Kxd2 Nxa1 40. c4 dxc4 41. bxc4 Kf7 42. Kc3 h5 43. Kb2 h4 44. Kxa1 h3 0-1


[Site "https://www.chess.com"]

[Event "Titled Tuesday Blitz January 31 Late 2023"]
[White "Sanchez, Sebastian Felipe"]
[Black "Nikologorsky, Matfei"]
[WhiteFideId "4403304"]
[BlackFideId "24102474"]
[WhiteElo "2427"]
[BlackElo "2182"]
[Result "1-0"]
[Round "07"]
[TimeControl "180+2"]
[Date "2023.01.31"]
[WhiteClock "0:00:21"]
[BlackClock "0:00:04"]

1. d4 Nf6 2. c4 e6 3. g3 d5 4. Nf3 c5 5. cxd5 Nxd5 6. Bg2 Nc6 7. O-O Be7 8. dxc5 Bxc5 9. e4 Nf6 10. Qxd8+ Nxd8 11. Nc3 Nc6 12. Bf4 O-O 13. Rad1 Nh5 14. Bd6 Bxd6 15. Rxd6 e5 16. Nd5 Rb8 17. b4 a6 18. a4 f6 19. b5 axb5 20. axb5 Nd8 21. Rc1 Nf7 22. Ne7+ Kh8 23. Nxc8 Rfxc8 24. Rxc8+ Rxc8 25. Rd7 Nd8 26. Bh3 g6 27. Rd6 Rb8 28. Bg4 Nf7 29. Rd7 Kg7 30. Bxh5 gxh5 31. Nh4 Kf8 32. Nf5 Ng5 33. Nd6 b6 34. h4 Ne6 35. Rxh7 Rd8 36. Rh8+ Ke7 37. Nf5+ Kd7 38. Rh7+ Kc8 39. Ne7+ Kd7 40. Nc6+ Kd6 41. Nxd8 Nxd8 42. Rxh5 Kc5 43. Rh6 Kxb5 44. Rxf6 Kc5 45. h5 b5 46. h6 b4 47. h7 b3 48. h8=Q b2 49. Qf8+ Kc4 50. Qg8+ Kc3 51. Rf3+ Kd2 52. Qd5+ Ke1 53. Re3# 1-0


[Site "https://www.chess.com"]

[Event "Titled Tuesday Blitz January 31 Late 2023"]
[White "Abdyzhaparov, Aidar"]
[Black "Blit, Jacques"]
[WhiteFideId "13800361"]
[BlackFideId "114839"]
[WhiteElo "1978"]
[BlackElo "2309"]
[Result "0-1"]
[Round "07"]
[TimeControl "180+2"]
[Date "2023.01.31"]
[WhiteClock "0:00:02"]
[BlackClock "0:00:07"]

1. Nf3 d6 2. c4 e5 3. Nc3 g6 4. d4 Nd7 5. h4 Ngf6 6. e4 Bg7 7. d5 Nc5 8. Nd2 a5 9. Be2 h6 10. g4 h5 11. g5 Ng4 12. Nf1 f5 13. f3 fxe4 14. fxg4 hxg4 15. Ng3 Bf5 16. Be3 Nd3+ 17. Bxd3 exd3 18. Nxf5 gxf5 19. Qxd3 Qd7 20. O-O-O O-O-O 21. Nb5 f4 22. Bg1 Kb8 23. Qa3 b6 24. b4 c6 25. Nc3 c5 26. bxa5 Qa7 27. a6 e4 28. Nb5 Qe7 29. a7+ Ka8 30. Qa4 e3 31. Rd3 Rhe8 32. Ra3 Qd7 33. Qa6 Qb7 34. Qa4 Qd7 35. Qa6 Qb7 36. h5 g3 37. h6 Bd4 38. h7 e2 39. Bxd4 cxd4 40. h8=Q Rxh8 41. Re1 f3 42. Qxb7+ Kxb7 43. a8=Q+ Rxa8 44. Rxa8 Rxa8 45. Nxd6+ Kc7 46. Nb5+ Kd7 47. Nxd4 f2 0-1


[Site "https://www.chess.com"]

[Event "Titled Tuesday Blitz January 31 Late 2023"]
[White "Reprintsev, Alexander"]
[Black "Rian, Kapriaga"]
[WhiteFideId "14100541"]
[BlackFideId "7103263"]
[WhiteElo "2253"]
[BlackElo "2089"]
[Result "1-0"]
[Round "07"]
[TimeControl "180+2"]
[Date "2023.01.31"]
[WhiteClock "0:00:12"]
[BlackClock "0:00:01"]

1. e4 c6 2. Nc3 d5 3. Nf3 Bg4 4. h3 Bxf3 5. Qxf3 Nf6 6. e5 Nfd7 7. Qg3 e6 8. f4 g6 9. h4 h5 10. b3 a6 11. Bb2 c5 12. O-O-O Nc6 13. Bd3 Qa5 14. Kb1 b5 15. Nxd5 c4 16. Bxg6 exd5 17. Bxf7+ Kxf7 18. e6+ Ke8 19. exd7+ Kxd7 20. Bxh8 Nb4 21. Qh3+ Kc6 22. a4 bxa4 23. Qe6+ Bd6 24. Be5 Rd8 25. Bxd6 Rxd6 26. Qe8+ Rd7 27. bxc4 a3 28. Rhe1 Qa4 29. cxd5+ Kc7 30. Qe5+ Kb7 31. Qc3 Rc7 32. Qb3 Ka7 33. Qxa4 1-0


[Site "https://www.chess.com"]

[Event "Titled Tuesday Blitz January 31 Late 2023"]
[White "Toncheva, Nadya"]
[Black "Mosquera, Miguel"]
[WhiteFideId "2924056"]
[BlackFideId "4401131"]
[WhiteElo "2295"]
[BlackElo "2371"]
[Result "1-0"]
[Round "07"]
[TimeControl "180+2"]
[Date "2023.01.31"]
[WhiteClock "0:01:14"]
[BlackClock "0:00:02"]

1. e4 c5 2. Nf3 d6 3. d4 cxd4 4. Nxd4 Nf6 5. Nc3 a6 6. Be3 e6 7. Qd2 b5 8. f3 Bb7 9. O-O-O h5 10. Kb1 Nbd7 11. Bd3 Rc8 12. Rhe1 Ne5 13. Bg5 Be7 14. f4 Nc4 15. Bxc4 bxc4 16. e5 dxe5 17. fxe5 Nd5 18. Bxe7 Qxe7 19. Nxd5 Bxd5 20. Nf5 exf5 21. Qxd5 O-O 22. e6 Rfd8 23. Qxf5 Qxe6 24. Qxe6 fxe6 25. Kc1 Kf7 26. Rxd8 Rxd8 27. Re4 Rc8 28. Kd2 Kf6 29. Kc3 e5 30. Rxc4 Ra8 31. Rc7 e4 32. Kd4 Re8 33. Ke3 Re6 34. Rc5 g5 35. c4 Kg6 36. b4 g4 37. a3 h4 38. Rd5 1-0


[Site "https://www.chess.com"]